 Dungeon Crawl Stone Soup version 0.30.0-30-g96aa6591b8 (webtiles) character file.

Game seed: 13892579961896473235

115579 cheesebisquit the Spry (level 17, -9/129 HPs)
             Began as a Djinni Ice Elementalist on June 26, 2023.
             Was the Champion of Makhleb.
             Killed from afar by Jorgrun (65 damage)
             ... with an iron shot
             ... on level 1 of the Snake Pit.
             The game lasted 03:04:31 (30257 turns).

cheesebisquit the Spry (Djinni Ice Elementalist)   Turns: 30257, Time: 03:04:32

Health: -9/129     AC: 28    Str:  7    XL:     17   Next: 24%
Gold:   417        EV: 22    Int: 25    God:    Makhleb [******] SH:  8 Dex: 22

rFire   + + +        u - staff of air "Upe Kin" {rElec rCorr MP+9 Dex+5}
rCold   + . .        q - +2 buckler {rC+}
rNeg    . . .        p - +1 troll leather armour
rPois   ∞            h - +1 helmet
rElec   +            S - +1 cloak
rCorr   +            g - +2 pair of gloves
SInv    .            (boots unavailable)
Will    +....        T - amulet of regeneration
Stlth   ++           J - ring of wizardry
HPRegen 2.01/turn    Q - ring "Hyjarap" {+Blink rF+ rC+ AC+4 Dex+3}
MPRegen 0.00/turn

%: wizardry (x1), infuse magic (-10 HP)
@: ice-armoured, flying, very slightly contaminated, studying Dodging
A: sickness immunity, fire resistance 2, cold vulnerability 1, float, innate
caster, HP casting, extra vitality 1
a: Renounce Religion, Evoke Blink, Minor Destruction, Lesser Servant of Makhleb,
Major Destruction, Greater Servant of Makhleb


You were on level 1 of the Snake Pit.
You worshipped Makhleb.
Makhleb was exalted by your worship.
You visited 5 branches of the dungeon, and saw 24 of its levels.
You visited 1 bazaar.
You also visited: Trove, Bailey and Ice Cave.

You collected 3596 gold pieces.
You spent 3179 gold pieces at shops.

Inventory:

Missiles
 a - 5 throwing nets
 m - 38 poisoned darts
 s - 3 curare-tipped darts
 D - 4 silver boomerangs
 U - 11 silver javelins
 W - 9 atropa-tipped darts
Armour
 g - a +2 pair of gloves (worn)
 h - a +1 helmet (worn)
 i - a +1 leather armour of resistance
 p - a +1 troll leather armour (worn)
 q - a +2 buckler of cold resistance (worn)
 S - a +1 cloak (worn)
Magical Staves
 c - the staff of poison "Kebayhemy" {Drain rPois rC+ Will+ Str+3}
   (You found it in an ice cave)

   [staff of poison]

   Your inability to study Poison Magic prevents you from drawing on the full
   power of this staff in melee.
   Base accuracy: +5 Base damage: 5 Base attack delay: 1.2 This weapon's minimum
   attack delay (0.6) is reached at skill level 12.
   Str:       It affects your strength (+3).
   rC:        It protects you from cold.
   rPois:     It protects you from poison.
   Drain:     It drains your maximum health when unequipped.
   Will:      It increases your willpower.
   It falls into the 'Staves' category.
   It is a one-handed weapon.
 u - the staff of air "Upe Kin" (weapon) {rElec rCorr MP+9 Dex+5}
   (You found it on level 3 of the Dungeon)

   [staff of air]

   Your inability to study Air Magic prevents you from drawing on the full power
   of this staff in melee.
   Base accuracy: +5 Base damage: 5 Base attack delay: 1.2 This weapon's minimum
   attack delay (0.6) is reached at skill level 12.
   Dex:       It affects your dexterity (+5).
   rElec:     It insulates you from electricity.
   MP:        It affects your magic capacity (+9).
   rCorr:     It protects you from acid and corrosion.
   It falls into the 'Staves' category.
   It is a one-handed weapon.
Jewellery
 r - the ring "Ogiongull" {Fire Will- Str+9 Slay+5}
   (You found it on level 4 of the Lair of Beasts)

   [ring of fire]

   It enhances your fire magic.
   Str:       It affects your strength (+9).
   Slay:      It affects your accuracy & damage with ranged weapons and melee
   (+5).
   rF:        It protects you from fire.
   rC:        It makes you vulnerable to cold.
   Will:      It decreases your willpower.
 z - the ring "Rotienn" {rC+ Dex+4}
   (You found it in a treasure trove)

   [ring of protection from cold]

   Dex:       It affects your dexterity (+4).
   rC:        It protects you from cold.
 F - the ring of Spring {rN+ Dex+5 Stlth-}
   (You found it in a treasure trove)

   [ring of positive energy]

   Dex:       It affects your dexterity (+5).
   rN:        It protects you from negative energy.
   Stlth:     It makes you less stealthy.
 G - the amulet "Veux" {Reflect rN+ rCorr Int-2 SH+5}
   (You found it in a treasure trove)

   [amulet of reflection]

   It reflects blocked missile attacks.
   Int:       It affects your intelligence (-2).
   rN:        It protects you from negative energy.
   rCorr:     It protects you from acid and corrosion.
   SH:        It affects your SH (+5).
 J - a ring of wizardry (left hand)
 L - the ring "Macoeggi" {rPois rF- rC+ rN+ Str+2}
   (You found it in a treasure trove)

   [ring of positive energy]

   Str:       It affects your strength (+2).
   rF:        It makes you vulnerable to fire.
   rC:        It protects you from cold.
   rPois:     It protects you from poison.
   rN:        It protects you from negative energy.
 O - the ring of Skepticism {Fly Will+ Str-3 Slay+3 SInv}
   (You found it in a treasure trove)

   [ring of see invisible]

   Str:       It affects your strength (-3).
   Slay:      It affects your accuracy & damage with ranged weapons and melee
   (+3).
   SInv:      It lets you see invisible.
   Fly:       It grants you flight.
   Will:      It increases your willpower.
 Q - the ring "Hyjarap" (right hand) {+Blink rF+ rC+ AC+4 Dex+3}
   (You bought it in a shop on level 6 of the Dungeon)

   [ring of protection]

   AC:        It affects your AC (+4).
   Dex:       It affects your dexterity (+3).
   rF:        It protects you from fire.
   rC:        It protects you from cold.
   +Blink:    It lets you blink.
 T - an amulet of regeneration (around neck)
Wands
 n - a wand of charming (27)
 y - a wand of polymorph (22)
 H - a wand of roots (12)
 I - a wand of flame (31)
 V - a wand of mindburst (20)
 X - a wand of quicksilver (8)
Scrolls
 b - a scroll of fear
 k - 3 scrolls of immolation
 t - 2 scrolls of teleportation
 x - 3 scrolls of magic mapping
 B - a scroll of summoning
 C - a scroll of blinking
 M - a scroll of brand weapon
 P - a scroll of fog
 R - a scroll of enchant weapon
 Y - a scroll of torment
Potions
 d - 5 potions of cancellation
 f - 19 potions of curing
 j - a potion of lignification
 l - 4 potions of resistance
 o - 3 potions of attraction
 v - 2 potions of ambrosia
 w - 4 potions of mutation
 A - 4 potions of haste
 E - a potion of might
 N - 4 potions of invisibility
 Z - a potion of heal wounds


   Skills:
 + Level 14.1 Fighting
 - Level 14.6 Armour
 + Level 15.3 Dodging
 - Level 1.5 Stealth
 - Level 5.0 Shields
 * Level 11.6 Spellcasting
 + Level 11.4 Invocations


You knew the following spells:

 Your Spells              Type           Power      Damage    Failure   Level
a - Freeze                Ice            100%       1d10      1%          1
c - Ozocubu's Armour      Ice            64%        N/A       1%          3
d - Summon Ice Beast      Ice/Summ       64%        N/A       1%          4
e - Summon Small Mammal   Summ           100%       N/A       1%          1
f - Searing Ray           Conj           100%       2d8       1%          2
g - Vampiric Draining     Necr           64%        2d10      1%          3
h - Airstrike             Air            41%        2d(6-22)  1%          4
i - Manifold Assault      Tloc           64%        N/A       1%          4
j - Summon Mana Viper     Hex/Summ       64%        N/A       1%          5
k - Eringya's Noxious Bo  Tmut/Pois      32%        N/A       4%          6
x - Enfeeble              Hex            32%        N/A       22%         7
z - Frozen Ramparts       Ice            100%       1d16      1%          3
Your spell library was empty.

Dungeon Overview and Level Annotations

Branches:
Dungeon (15/15)            Temple (1/1) D:5            Lair (5/5) D:10
  Swamp (0/4) Lair:3        Snake (1/4) Lair:3        Slime (0/5) Lair:4
    Orc (2/2) D:11            Elf (0/3) Orc:2        Vaults (0/5) D:13
 Depths (0/4) D:15         Bailey (visited)           IceCv (visited)

Altars:
Ashenzari
Cheibriados
Dithmenos
Elyvilon
Fedhas
Gozag
Hepliaklqana
Makhleb
Nemelex Xobeh
Okawaru
Qazlal
Ru
Trog
Uskayaw
Wu Jian
Xom
Yredelemnul
Zin
The Shining One

Shops:
D:6 =   Orc:2 :?[[(

Portals:
Abyss: Lair:3

Annotations:
Lair:3 2 transporters, kamileon1's ghost, journeyman DrEE
Snake:1 6 transporters, Jorgrun


Innate Abilities, Weirdness & Mutations

You are immune to sickness and miasma.
You are immune to poison.
Your flesh is very heat resistant. (rF++)
You are vulnerable to cold. (rC-)
You float through the air rather than walking.
You learn spells naturally, not from books.
Your magical power is your life essence.
You have superior vitality. (+4 MHP)


Message History

The black mamba completely misses you. The black mamba closely misses you.
The black mamba misses you. The black mamba closely misses you.
The black mamba attacks as you move away!
You block the black mamba's attack. The black mamba completely misses you.
You block the black mamba's attack.
You hear a grinding noise.
Casting: Eringya's Noxious Bog (dangerous; 4% risk of failure)
Confirm with . or Enter, or press ? or * to list all spells.
A film of ice covers your body! You block the black mamba's attack.
The black mamba bites you but does no damage.
Your icy armour will break if you move.
Continue? [Y]es or [N]o only, please.
Your icy armour will break if you move.
Continue?
Okay, then.
Casting: Ozocubu's Armour (safe; 1% risk of failure)
Confirm with . or Enter, or press ? or * to list all spells.
A mana viper appears with a sibilant hiss.
The black mamba misses you. You block the black mamba's attack.
Some rock shatters into small pieces.
Casting: Summon Mana Viper (mildly dangerous; 1% risk of failure)
Confirm with . or Enter, or press ? or * to list all spells.
A chill wind blows around you. You block the black mamba's attack.
The black mamba bites you. Jorgrun gestures at you while chanting.
You resist with some effort.
Casting: Summon Ice Beast (safe; 1% risk of failure)
Confirm with . or Enter, or press ? or * to list all spells.
Casting: Eringya's Noxious Bog (dangerous; 4% risk of failure)
Press: ? - help, Dir - look around, f - activate You miscast Eringya's Noxious Bog.
You are very lightly contaminated with residual magic.
Nothing appears to happen.
The black mamba completely misses you.
Your ice beast closely misses the black mamba.
You block the black mamba's attack. Jorgrun gestures at you while chanting.
The iron shot hits you!!!
Ouch! That really hurt!
You die...

###....#..### ##.#...##.#
.... #.##.##..#.....## #
[..##.#..©#..#......# # ..
#....©....#......# ## .#
#..#©..#..#.#....#
..###.#....##.##.........
..#...#... #.......#...#
..#.>.### #.#..@S..#...#
..#...# ..#..S...##..#
......# ...#..Y.......#
..#...# ####..#.######.##
..#..#####..g.........#..##
###..#.......#.........#..#
.g....#......#......##.##.#
..#g.........#......#..©#.#
..###.#......#........©...#


You could see Jorgrun (poisoned), a black mamba (poisoned, ally target), a
friendly mana viper (summoned) and a friendly ice beast (summoned).

Vanquished Creatures
  Kirke (Lair:4)
  Louise (D:15)
  Aizul (Snake:1)
  A reaper (IceCv)
  The ghost of Odimp the Protected, a journeyman KoWn of Wu Jian (Lair:4)
  Josephine (D:13)
  8 hydras
  A yaktaur captain (D:13)
  2 rakshasas
  An ogre mage (D:12)
  8 centaur warriors
  A catoblepas (Lair:5)
  2 boulder beetles
  7 anacondas (Snake:1)
  A death yak (Lair:5)
  5 two-headed ogres
  2 tengu warriors
  Urug (D:12)
  Sonja (Lair:4)
  A salamander mystic (Snake:1)
  2 goliath frogs (Lair:5)
  A glowing orange brain (D:15)
  2 orc sorcerers (Orc:2)
  2 orc knights (Orc:2)
  3 deep elf pyromancers
  6 cyclopes
  21 ugly things
  A manticore (D:15)
  3 black mambas (Snake:1)
  An elephant (Lair:3)
  A black mamba (shapeshifter) (D:14)
  A salamander (Lair:3)
  A naga mage (Snake:1)
  Maurice (D:12)
  A guardian serpent (shapeshifter) (D:14)
  4 gargoyles
  2 torpor snails
  6 rime drakes
  16 cane toads
  2 kobold demonologists
  6 komodo dragons
  2 yaktaurs (D:13)
  An ice devil (IceCv)
  2 tyrant leeches (Lair:5)
  A polar bear (Lair:5)
  2 meliai (D:14)
  6 trolls
  Prince Ribbit (D:5)
  17 blink frogs
  4 dream sheep (Lair:2)
  15 slime creatures
  6 spriggans (Bailey)
  A shadow (D:10)
  A centaur simulacrum (D:14)
  3 wraiths
  3 hogs (Lair:4)
  A vampire (D:10)
  A culicivora (shapeshifter) (D:14)
  2 fire elementals (D:15)
  28 yaks
  6 basilisks
  2 wyverns
  A steam dragon (Bailey)
  A death yak simulacrum (Lair:4)
  2 vampire mosquitoes (Lair:5)
  Menkaure (D:4)
  2 wargs
  2 nagas (Snake:1)
  5 hydra simulacra (IceCv)
  A hell hound (D:15)
  9 water moccasins
  Duvessa (D:4)
  31 orc warriors
  2 black bears
  16 ogres
  2 ice beasts
  A boulder beetle simulacrum (Lair:4)
  A black mamba simulacrum (Lair:4)
  5 boggarts (D:14)
  5 wolves
  37 centaurs
  2 phantoms (D:6)
  18 bullfrogs
  2 kobold brigands
  2 gnoll sergeants
  A cane toad simulacrum (IceCv)
  A skyshark simulacrum (Lair:4)
  3 two-headed ogre simulacra (IceCv)
  5 scorpions
  11 wights
  Dowan (D:4)
  A blink frog simulacrum (Lair:4)
  A lindwurm simulacrum (Lair:4)
  An elephant simulacrum (IceCv)
  16 killer bees
  6 howler monkeys
  2 electric eels
  3 lava snakes (Lair:3)
  A jelly (D:7)
  3 hounds
  11 orc priests
  2 gnoll boudas (D:9)
  2 sleepcaps
  2 iguanas
  19 orc wizards
  5 spriggan simulacra (IceCv)
  2 polar bear simulacra (IceCv)
  5 troll simulacra (IceCv)
  2 wolf simulacra (IceCv)
  21 gnolls
  5 naga simulacra (IceCv)
  8 adders
  8 white imps (IceCv)
  7 ufetubi
  3 worms
  54 orcs
  7 endoplasms
  5 giant cockroaches
  10 goblins
  7 hobgoblins
  7 jackals
  3 quokkas
  8 ball pythons
  3 bats
  4 frilled lizards
  24 kobolds
  A rat (D:3)
  A butterfly (Lair:2)
676 creatures vanquished.

Vanquished Creatures (collateral kills)
  Azrael (D:15)
  3 boulder beetles
  4 two-headed ogres
  Lodul (D:13)
  A skyshark (Lair:5)
  An orc knight (Orc:1)
  2 ugly things (D:15)
  A cyclops (D:13)
  A torpor snail (Lair:5)
  2 elephants (Lair:3)
  A black mamba (Lair:5)
  9 cane toads
  An ice statue (IceCv)
  An ice devil (IceCv)
  2 rime drakes
  A komodo dragon (Lair:5)
  A meliai (D:14)
  A tyrant leech (Lair:5)
  A polar bear (Lair:1)
  7 blink frogs
  A centaur simulacrum (D:15)
  5 slime creatures
  3 wraiths
  A wyvern (Lair:2)
  A basilisk (Lair:2)
  17 yaks
  A fire elemental (D:15)
  A hog (Lair:4)
  5 vampire mosquitoes
  2 death yak simulacra (IceCv)
  A harpy simulacrum (IceCv)
  A warg (Orc:1)
  An acid dragon (shapeshifter) (D:15)
  8 water moccasins
  A black bear (D:7)
  4 ogres
  4 wolves
  6 centaurs
  A kobold brigand (D:10)
  2 nameless horrors
  4 bullfrogs
  A gnoll sergeant (D:5)
  2 cane toad simulacra (IceCv)
  An elephant simulacrum (Lair:4)
  5 howler monkeys
  A gnoll bouda (D:5)
  4 orc wizards
  A troll simulacrum (IceCv)
  5 gnolls
  A white imp (IceCv)
  An ufetubus (IceCv)
  3 orcs
  An endoplasm (D:3)
  2 kobolds (D:10)
  A butterfly (Lair:2)
141 creatures vanquished.

Vanquished Creatures (others)
  A hydra (D:15)
1 creature vanquished.

Grand Total: 818 creatures vanquished

Notes
Turn   | Place    | Note
-------+----------+-------------------------------------------
     0 | D:1      | cheesebisquit the Djinni Ice Elementalist began the quest
                  | for the Orb.
     0 | D:1      | cheesebisquit set off with the following spells memorised:
                  | Freeze, Frozen Ramparts, Ozocubu's Armour, Summon Ice
                  | Beast.
     0 | D:1      | Reached XP level 1. HP: 15/15 MP: 0/0
   211 | D:1      | Found a faded altar of an unknown god.
   674 | D:2      | Reached skill level 1 in Fighting
   674 | D:2      | Reached XP level 2. HP: 21/22 MP: 0/0
   802 | D:2      | Reached XP level 3. HP: 26/27 MP: 0/0
   802 | D:2      | Learned a level 1 spell: Summon Small Mammal
  1390 | D:3      | Reached XP level 4. HP: 30/33 MP: 0/0
  1459 | D:3      | Found a snail-covered altar of Cheibriados.
  1466 | D:3      | Found a shimmering altar of Xom.
  1850 | D:3      | Identified the staff of air "Upe Kin" {rElec rCorr MP+9
                  | Dex+5}
  2063 | D:4      | Noticed Duvessa
  2063 | D:4      | Noticed Dowan
  2229 | D:4      | Noticed an ogre
  2243 | D:4      | Killed an ogre
  2244 | D:4      | Reached XP level 5. HP: 29/40 MP: 0/0
  2244 | D:4      | Learned a level 2 spell: Searing Ray
  2356 | D:4      | Noticed an ogre
  2363 | D:4      | Killed an ogre
  2364 | D:4      | Reached XP level 6. HP: 35/47 MP: 0/0
  2471 | D:4      | Noticed Menkaure
  2479 | D:4      | Killed Menkaure
  2480 | D:4      | Reached XP level 7. HP: 28/53 MP: 0/0
  2480 | D:4      | Learned a level 3 spell: Vampiric Draining
  2591 | D:4      | Found a sacrificial altar of Ru.
  2740 | D:4      | Reached skill level 5 in Spellcasting
  2917 | D:4      | Reached skill level 5 in Fighting
  3344 | D:4      | Killed Duvessa
  3345 | D:4      | Reached XP level 8. HP: 45/61 MP: 0/0
  3350 | D:4      | Killed Dowan
  3655 | D:5      | Entered Level 5 of the Dungeon
  3893 | D:5      | Reached XP level 9. HP: 67/68 MP: 0/0
  3893 | D:5      | Learned a level 4 spell: Airstrike
  4090 | D:5      | Found a stormy altar of Qazlal.
  4133 | D:5      | Found a staircase to the Ecumenical Temple.
  4159 | Temple   | Entered the Ecumenical Temple
  4469 | Temple   | Became a worshipper of Makhleb the Destroyer
  4576 | D:5      | Noticed Prince Ribbit
  4579 | D:5      | Killed Prince Ribbit
  4902 | D:5      | Found an ornate altar of the Wu Jian Council.
  5393 | D:6      | Found Fainor's Jewellery Shoppe.
  5477 | D:6      | Reached skill level 1 in Invocations
  5501 | D:6      | Reached * piety under Makhleb
  5973 | D:7      | Found an iron altar of Okawaru.
  6046 | D:7      | Reached skill level 3 in Dodging
  6113 | D:7      | Reached XP level 10. HP: 40/77 MP: 0/0
  6356 | D:7      | Reached skill level 4 in Dodging
  6369 | D:7      | Reached skill level 1 in Shields
  6730 | D:7      | Identified the +0 scale mail of Depression {Regen+}
  6994 | D:6      | Bought an amulet of the acrobat for 420 gold pieces
  7265 | D:8      | Reached skill level 1 in Armour
  7450 | D:8      | Identified the +6 quarterstaff "Hievvulu" {drain, rElec
                  | Str+2}
  7807 | D:8      | HP: 3/78 [killer bee (7)]
  7918 | D:8      | Reached ** piety under Makhleb
  8181 | D:9      | Reached skill level 5 in Armour
  8255 | D:9      | Found a flagged portal.
  8286 | Bailey   | Entered a bailey
  8702 | Bailey   | Noticed a two-headed ogre
  8718 | Bailey   | Killed a two-headed ogre
  8719 | Bailey   | Reached XP level 11. HP: 54/84 MP: 0/0
  8719 | Bailey   | Learned a level 4 spell: Manifold Assault
  8824 | Bailey   | Identified the +3 short sword "Yvvytan" {spect, rPois rC+
                  | Int-4 Dex+3}
  9704 | D:9      | Noticed a two-headed ogre
  9714 | D:9      | Killed a two-headed ogre
 10155 | D:9      | Reached skill level 10 in Armour
 10591 | D:10     | Entered Level 10 of the Dungeon
 10945 | D:10     | Reached *** piety under Makhleb
 11231 | D:10     | Found a staircase to the Lair.
 12747 | D:11     | Noticed a green ugly thing
 12753 | D:11     | Killed a green ugly thing
 12755 | D:11     | Reached XP level 12. HP: 62/89 MP: 0/0
 13071 | D:11     | Found a staircase to the Orcish Mines.
 13421 | D:12     | Reached skill level 5 in Dodging
 13457 | D:12     | Noticed a two-headed ogre
 13458 | D:12     | Noticed a two-headed ogre
 13459 | D:12     | Noticed a two-headed ogre
 13460 | D:12     | Killed a two-headed ogre
 13460 | D:12     | Noticed a two-headed ogre
 13461 | D:12     | Noticed an ogre mage
 13462 | D:12     | Noticed a two-headed ogre
 13464 | D:12     | Killed a two-headed ogre
 13464 | D:12     | Reached **** piety under Makhleb
 13467 | D:12     | Killed a two-headed ogre
 13474 | D:12     | Killed a two-headed ogre
 13477 | D:12     | Killed a two-headed ogre
 13481 | D:12     | Killed an ogre mage
 13591 | D:12     | Noticed Urug
 13597 | D:12     | Killed Urug
 13598 | D:12     | Reached skill level 6 in Dodging
 13598 | D:12     | Reached skill level 5 in Invocations
 13639 | D:12     | Noticed Maurice
 13646 | D:12     | Reached skill level 10 in Fighting
 13651 | D:12     | Killed Maurice
 13730 | D:12     | Noticed a two-headed ogre
 13742 | D:12     | Killed a two-headed ogre
 13743 | D:12     | Reached XP level 13. HP: 92/96 MP: 0/0
 13743 | D:12     | Learned a level 5 spell: Summon Mana Viper
 14399 | Lair:1   | Entered Level 1 of the Lair of Beasts
 14447 | Lair:1   | Reached skill level 5 in Shields
 14483 | Lair:1   | Reached skill level 7 in Dodging
 15394 | Lair:2   | Reached ***** piety under Makhleb
 15801 | Lair:2   | Reached skill level 8 in Dodging
 16258 | Lair:3   | Found a transporter.
 16336 | Lair:3   | Noticed a seven-headed hydra
 16337 | Lair:3   | Noticed a six-headed hydra
 16342 | Lair:3   | Killed a seven-headed hydra
 16348 | Lair:3   | Reached XP level 14. HP: 102/105 MP: 0/0
 16373 | Lair:3   | Found a staircase to the Swamp.
 16461 | Lair:3   | Found a one-way gate to the infinite horrors of the Abyss.
 16499 | Lair:3   | Found a transporter.
 16537 | Lair:3   | Noticed kamileon1's ghost (journeyman DrEE)
 16574 | Lair:3   | Found a staircase to the Snake Pit.
 16993 | Lair:3   | You are sucked into a shaft and drop 1 floor!
 17006 | Lair:4   | Reached skill level 9 in Dodging
 17032 | Lair:4   | Found a runed translucent gate.
 17032 | Lair:4   | Found a runed translucent gate.
 17032 | Lair:4   | Found a runed translucent gate.
 17180 | Lair:4   | Noticed Kirke
 17196 | Lair:4   | Killed Kirke
 17730 | Lair:4   | Found a staircase to the Slime Pits.
 17767 | Lair:4   | Noticed Odimp's ghost (journeyman KoWn)
 17817 | Lair:4   | Noticed Sonja
 17820 | Lair:4   | Killed Sonja
 18105 | Lair:4   | Killed Odimp's ghost
 18172 | Lair:4   | Identified the +0 leather armour of Complete Protection
                  | {*Slow Fly Dex+3}
 18176 | Lair:4   | Got the ring "Ogiongull" {Fire Will- Str+9 Slay+5}
 18302 | Lair:4   | Found a staircase to the Slime Pits.
 18744 | Lair:5   | Entered Level 5 of the Lair of Beasts
 19144 | Lair:5   | Reached ****** piety under Makhleb
 19157 | Lair:5   | Reached skill level 10 in Dodging
 19217 | Lair:5   | Reached skill level 10 in Spellcasting
 19218 | Lair:5   | Reached XP level 15. HP: 105/112 MP: 0/0
 19218 | Lair:5   | Learned a level 6 spell: Eringya's Noxious Bog
 19702 | Lair:5   | Reached skill level 11 in Dodging
 21635 | Orc:1    | Entered Level 1 of the Orcish Mines
 21870 | D:6      | Bought the ring "Hyjarap" {+Blink rF+ rC+ AC+4 Dex+3} for
                  | 984 gold pieces
 22021 | Orc:1    | Found a frozen archway.
 22031 | IceCv    | Entered an ice cave
 22704 | IceCv    | Noticed a reaper
 23099 | IceCv    | Killed a reaper
 23290 | IceCv    | Identified the staff of poison "Kebayhemy" {Drain rPois rC+
                  | Will+ Str+3}
 23894 | Orc:2    | Entered Level 2 of the Orcish Mines
 24314 | Orc:2    | Found Erenluxiv's Book Emporium.
 24320 | Orc:2    | Reached skill level 12 in Dodging
 24844 | Orc:2    | Found Hiqirph's Antique Weapon Shoppe.
 24845 | Orc:2    | Found Manod's Antique Armour Boutique.
 24845 | Orc:2    | Found Tufin's Antique Armour Emporium.
 24892 | Orc:2    | Found Pank's Magic Scroll Shop.
 24903 | Orc:2    | Bought a scroll of identify for 34 gold pieces
 24903 | Orc:2    | Bought a scroll of enchant armour for 127 gold pieces
 24903 | Orc:2    | Bought a scroll of enchant armour for 127 gold pieces
 25390 | Orc:2    | Found a staircase to the Elven Halls.
 26188 | D:13     | Noticed Lodul
 26196 | D:13     | Killed Lodul
 26338 | D:13     | Reached XP level 16. HP: 113/120 MP: 0/0
 26344 | D:13     | Noticed Josephine
 26345 | D:13     | Reached skill level 10 in Invocations
 26362 | D:13     | HP: 5/121 [centaur warrior/arrow (14)]
 26533 | D:13     | Killed Josephine
 26537 | D:13     | Reached skill level 13 in Dodging
 26616 | D:13     | Found a gate to the Vaults.
 28108 | D:15     | Entered Level 15 of the Dungeon
 28160 | D:15     | Reached skill level 14 in Dodging
 28236 | D:15     | Identified the +6 dagger of Gloom {flame, rPois rCorr Str-2
                  | SInv}
 28320 | D:15     | Noticed Louise
 28442 | D:15     | Found a portal to a secret trove of treasure.
 28499 | D:15     | Found an opulent altar of Gozag.
 28616 | D:15     | Killed Louise
 28633 | D:15     | Noticed Azrael
 28654 | D:15     | Killed Azrael
 28861 | D:15     | Found a flickering gateway to a bazaar.
 28866 | Bazaar   | Entered a bazaar
 28881 | Bazaar   | Found Boiwaguh's Assorted Antiques.
 28886 | Bazaar   | Bought a scroll of blinking for 217 gold pieces
 28886 | Bazaar   | Bought a scroll of teleportation for 87 gold pieces
 28897 | Bazaar   | Found Ebet's Antique Weapon Emporium.
 28897 | Bazaar   | Found Ycwiutin's Magic Scroll Shoppe.
 28908 | Bazaar   | Bought a scroll of teleportation for 33 gold pieces
 28908 | Bazaar   | Bought a scroll of teleportation for 33 gold pieces
 28908 | Bazaar   | Bought a scroll of identify for 22 gold pieces
 28908 | Bazaar   | Bought a scroll of identify for 22 gold pieces
 28908 | Bazaar   | Bought a scroll of fear for 44 gold pieces
 28908 | Bazaar   | Bought a scroll of teleportation for 33 gold pieces
 28908 | Bazaar   | Bought a scroll of teleportation for 33 gold pieces
 28908 | Bazaar   | Bought a scroll of teleportation for 33 gold pieces
 28921 | Bazaar   | Found Ahyetidgh's Weapon Emporium.
 28937 | Bazaar   | Found Giyxan's Book Emporium.
 28937 | Bazaar   | Found Piminev's Jewellery Shoppe.
 28942 | Bazaar   | Bought a manual of Dodging for 720 gold pieces
 28948 | Bazaar   | Bought an amulet of regeneration for 210 gold pieces
 29122 | D:15     | Reached XP level 17. HP: 128/128 MP: 0/0
 29122 | D:15     | Learned a level 7 spell: Enfeeble
 29122 | D:15     | Found a staircase to the Depths.
 29328 | D:15     | Reached skill level 15 in Dodging
 29658 | D:15     | You paid a toll of 15 scrolls of teleportation to enter a
                  | treasure trove
 29659 | Trove    | Entered a treasure trove
 29661 | Trove    | Identified the ring "Macoeggi" {rPois rF- rC+ rN+ Str+2}
 29669 | Trove    | Identified the ring of Skepticism {Fly Will+ Str-3 Slay+3
                  | SInv}
 29673 | Trove    | Identified the amulet "Veux" {Reflect rN+ rCorr Int-2 SH+5}
 29675 | Trove    | Identified the ring "Rotienn" {rC+ Dex+4}
 29681 | Trove    | Identified the ring of Spring {rN+ Dex+5 Stlth-}
 29682 | Trove    | Identified the ring "Woabago" {Ice Will++}
 29928 | Snake:1  | Entered Level 1 of the Snake Pit
 29928 | Snake:1  | Found a transporter.
 29957 | Snake:1  | Found a transporter.
 29959 | Snake:1  | Found a transporter.
 29992 | Snake:1  | Found a transporter.
 30015 | Snake:1  | Found a transporter.
 30023 | Snake:1  | Found a transporter.
 30128 | Snake:1  | Noticed Aizul
 30137 | Snake:1  | Killed Aizul
 30206 | Snake:1  | Noticed Jorgrun
 30257 | Snake:1  | Killed from afar by Jorgrun

Illustrated notes

Levels and vault maps discovered:
D:1:      wander_arrival_lonely_grave, layout_loops_ring,
          hellmonk_ecumenical_altar_run_dry
D:2:      layout_loops_cross
D:3:      layout_basic, gammafunk_temple_overflow_forgotten,
          minmay_strange_pillars
D:4:      cheibrodos_barr_body, layout_basic, mainiacjoe_overflow_alcove_1,
          uniq_duvessa, uniq_menkaure
D:5:      nicolae_cairo_tiling, layout_rooms, nicolae_qazlal_scattered_showers,
          nicolae_wu_jian_immortal_techniques, marbit_many_paths,
          minmay_temple_entry_tees, ebering_dispersal_statue_hall,
          amcnicky_mini_pool_medium, uniq_prince_ribbit1
D:6:      layout_gridville, serial_shops, nicolae_shop_tiny_waterfront,
          grunt_ministairs_1
D:7:      layout_loops_ring, okawaru_trees_2, hangedman_decor_peaks_small
D:8:      layout_basic
D:9:      layout_big_octagon, serial_gnoll_camp, gnoll_camp_mini_house,
          gnoll_camp_mini_loothouse, gnoll_camp_medium_02, gnoll_camp_mini_hut,
          enter_bailey_4
D:10:     layout_loops_corners, lair_entry_dummy
D:11:     layout_stronghold, david_orc_2
D:12:     layout_irregular_city, st_stairs_3, lemuel_flame_loot_1, uniq_maurice,
          uniq_urug
D:13:     layout_gridville, david_vaults_2, uniq_lodul, uniq_josephine
D:14:     layout_long_grid, dreamdust_princess_bridge, minivault_11
D:15:     gammafunk_enter_depths_forms, layout_basic, serial_shops,
          bzr_entry_dummy, serial_park_gazebo [serial_park_minivault_5x5_7],
          enter_trove_6, grunt_gozag_breadcrumbs, uniq_azrael, uniq_louise
Temple:   eino_temple_water
Lair:1:   layout_gridlike, grunt_megastairs_1
Lair:2:   layout_regular_city, lemuel_fruit_fields, infiniplex_staircase_pool
Lair:3:   layout_loops_ring, palyth_hydra_swamp_entry,
          nicolae_snake_entry_warm_welcome, gammafunk_ghost_abyssal_escape
Lair:4:   layout_gridlike, slime_entry_1, gammafunk_ghost_icy, uniq_kirke,
          uniq_sonja
Lair:5:   minmay_lair_end_frog_pond, layout_layer_cave, grunt_megastairs_5
Snake:1:  layout_honeycomb, hangedman_snake_thin_pillar_pass,
          serial_nicolae_subway, nicolae_sub_station_metal,
          nicolae_sub_station_crystal, nicolae_sub_station_stone, uniq_jorgrun,
          uniq_aizul
Orc:1:    nicolae_orc_accident_2, layout_caves, portal_ice_cave_rime
Orc:2:    st_orc_rangers, layout_caves, serial_shops, shop

Skill      XL: |  1  2  3  4  5  6  7  8  9 10 11 12 13 14 15 16 17 |
---------------+----------------------------------------------------+-----
Fighting       | 1 2 3 4 5 7 8 9 10 11 12 13 14 | 14.1
Spellcasting   | 4 5 6 7 8 9 10 11 | 11.6
Invocations    | 2 3 5 7 8 9 11 | 11.4
Dodging        | 3 4 6 8 10 12 14 15 | 15.3
Shields        | 1 2 4 5 |  5.0
Armour         | 7 11 12 13 14 | 14.6
Stealth        | |  1.5

Action                     |  1- 3 |  4- 6 |  7- 9 | 10-12 | 13-15 | 16-18 || total
---------------------------+-------+-------+-------+-------+-------+-------++-------
  Melee: Staff             |     1 |     1 |     7 |    71 |    39 |    33 ||   152
   Cast: Freeze            |    37 |    17 |     1 |       |       |       ||    55
         Summon Small Mamm |       |    15 |       |       |       |       ||    15
         Frozen Ramparts   |       |    14 |    36 |    37 |    38 |    18 ||   143
         Ozocubu's Armour  |       |     4 |    18 |    37 |    57 |    26 ||   142
         Searing Ray       |       |     5 |    17 |    21 |    21 |     6 ||    70
         Vampiric Draining |       |       |    60 |    99 |   135 |   151 ||   445
         Summon Ice Beast  |       |       |    11 |    29 |    52 |    12 ||   104
         Airstrike         |       |       |     4 |   119 |   485 |   142 ||   750
         Manifold Assault  |       |       |       |    11 |     6 |     9 ||    26
         Summon Mana Viper |       |       |       |       |    56 |    21 ||    77
         Eringya's Noxious |       |       |       |       |       |     8 ||     8
         Enfeeble          |       |       |       |       |       |     2 ||     2
    Use: Scroll            |       |       |     8 |    17 |    13 |     6 ||    44
         Potion            |       |       |       |     5 |     1 |     2 ||     8
   Stab: Distracted        |       |       |       |     1 |     2 |       ||     3
 Armour: Robe              |     3 |     8 |    40 |    11 |       |       ||    62
         Scale mail        |       |       |       |    28 |       |    22 ||    50
         Steam dragon scal |       |       |       |    39 |       |       ||    39
         Troll leather arm |       |       |       |    19 |    86 |   118 ||   223
         Leather armour    |       |       |       |       |    22 |       ||    22
  Dodge: Dodged            |    17 |    11 |    74 |   236 |   304 |   290 ||   932
  Block: Buckler           |       |       |       |    78 |   116 |   181 ||   375
         Reflection        |       |       |       |       |       |    11 ||    11
